 Dungeon Crawl Stone Soup version 0.13-a0-3153-g497d563 (webtiles) character file.

496 PolkaDot the Poker (level 6, -1/50 HPs)
             Began as a Djinni Death Knight on Sept 23, 2013.
             Was a Believer of Yredelemnul.
             Slain by an ogre
             ... wielding a +0,+0 giant club
              (23 damage)
             ... on Level 4 of the Dungeon.
             The game lasted 00:12:52 (3205 turns).

PolkaDot the Poker (Djinni Death Knight)            Turns: 3205, Time: 00:12:52

HP  -1/50        AC  6     Str 13      XL: 6   Next: 37%
MP   0/0         EV 10     Int 11      God: Yredelemnul [**....]
Gold 137         SH  0     Dex 15      Spells:  0 memorised,  5 levels left

Res.Fire  : + + +   See Invis. : .   a - +1 spear (curse) {=f}
Res.Cold  : x . .   Warding    : .   b - +0 leather armour
Life Prot.: + + +   Conserve   : .   (no shield)
Res.Poison: .       Res.Corr.  : .   (no helmet)
Res.Elec. : .       Clarity    : .   c - +0 cloak
Sust.Abil.: . .     Spirit.Shd : .   n - +1 pair of dwarf gauntlets
Res.Mut.  : .       Stasis     : .   (boots unavailable)
Res.Rott. : .       Flight     : .   (no amulet)
Saprovore : . . .                    i - ring of flight
                                     (no ring)

@: slightly resistant to hostile enchantments, unstealthy
A: fire immunity, cold vulnerability, life protection 3
a: Animate Remains, Recall Undead Slaves, Injury Mirror, Renounce Religion,
Evoke Flight


You were on level 4 of the Dungeon.
You worshipped Yredelemnul.
Yredelemnul was pleased with you.
You were not hungry.

You visited 1 branch of the dungeon, and saw 4 of its levels.

You collected 117 gold pieces.

Inventory:

Hand weapons
 a - a cursed +1,+1 spear (weapon) {=f}
Armour
 b - a +0 leather armour (worn)
 c - a +0 cloak (worn)
 n - a +1 pair of dwarven gauntlets (worn)
Magical devices
 m - a wand of digging (11)
Scrolls
 d - a scroll of teleportation
 e - a scroll of enchant armour {unknown}
 f - 4 scrolls of remove curse
 g - 2 scrolls of enchant weapon I {unknown}
 k - 2 scrolls of identify
 l - a scroll of curse weapon {unknown}
 q - 2 scrolls of amnesia {unknown}
Jewellery
 i - a ring of flight (right hand)
 p - an uncursed ring of fire
Potions
 h - 2 potions of restore abilities
 j - a potion of curing


   Skills:
 - Level 2.0 Fighting
 * Level 5.7 Polearms
 + Level 3.9 Armour
 - Level 0.8 Dodging
 - Level 3.0 Invocations


You had 5 spell levels left.
You didn't know any spells.

Dungeon Overview and Level Annotations

Branches:
Dungeon (4/27)
 Temple: D:4-7

Altars:
Ashenzari
Kikubaaqudgha


Innate Abilities, Weirdness & Mutations

You are immune to all types of fire, even holy and hellish.
You are vulnerable to cold.
You need no food.
You have no legs.
You are immune to negative energy.


Message History

The ogre hits you with a giant club!
A kobold comes into view. It is wielding a dagger.
The kobold shouts!
An iguana comes into view.
Attack whom?
Press: ? - help, Dir - move target cursor, f/p - ogre
Aim: an ogre, wielding a giant club (moderately wounded)
You reach to attack!
You hit the ogre.
The ogre is heavily wounded.
You see here a glowing hand axe.
You hit the ogre.
The ogre is severely wounded.
The ogre barely misses you.
You hit the ogre.
The ogre is severely wounded.
You barely miss the ogre.
The ogre is severely wounded.
The ogre hits you with a giant club!
You die...
Your body rises from the dead as a mindless zombie.

#.# #...... #.# . .......#..
# #.# #.........#.. #.#.#
####.........#..
#.#l####.##.........#..
#..K.....##............
###.####.##........###.
...####l####.##............
.........KO@.>).............
...####.###......##########
#... +................ ####
#......########## #......#
#... #......#######.##
#................
##......##########
.........'........


You could see an ogre, an iguana and a kobold.

Vanquished Creatures
  Menkaure (D:4)
  A water moccasin (D:4)
  Crazy Yiuf (D:2)
  5 adders
  4 gnolls (D:3)
  A worm (D:4)
  2 giant geckos
  An ooze (D:2)
  8 orcs (D:3)
  3 bats (D:2)
  4 hobgoblins
  2 giant cockroaches
  2 giant newts
  13 goblins
  9 jackals
  10 kobolds
  9 rats
  A fungus (D:2)
77 creatures vanquished.

Notes
Turn   | Place    | Note
--------------------------------------------------------------
     0 | D:1      | PolkaDot, the Djinni Death Knight, began the quest for the Orb.
     0 | D:1      | Reached XP level 1. HP: 16/16 MP: 0/0
   259 | D:1      | Reached XP level 2. EP: 20/23
   859 | D:2      | Reached XP level 3. EP: 20/29
  1310 | D:2      | Acquired Yredelemnul's second power
  1441 | D:2      | Reached XP level 4. EP: 20/37
  1829 | D:2      | Noticed Crazy Yiuf
  1854 | D:2      | Killed Crazy Yiuf
  1854 | D:2      | Reached skill level 4 in Polearms
  2187 | D:3      | Reached XP level 5. EP: 33/43
  2700 | D:3      | Found an ancient bone altar of Kikubaaqudgha.
  2700 | D:3      | Found a shattered altar of Ashenzari.
  2840 | D:4      | Reached skill level 5 in Polearms
  3127 | D:4      | Noticed Menkaure
  3137 | D:4      | Killed Menkaure
  3137 | D:4      | Reached XP level 6. EP: 33/50
  3189 | D:4      | Noticed an ogre
  3205 | D:4      | Slain by an ogre

Action                   |  1- 3 |  4- 6 || total
-------------------------+-------+-------++-------
Melee: Spear             |   217 |   240 ||   457
Evoke: Wand              |       |     2 ||     2
  Use: Potion            |       |     8 ||     8
       Scroll            |       |     7 ||     7
 Stab: Sleeping          |     1 |     1 ||     2
       Invisible         |       |     2 ||     2
